 Dungeon Crawl Stone Soup version 0.23-a0-899-gbbae0a3 (webtiles) character file.

Game seed: 14362486128361197241

66197 galech the Spear-Bearer (level 14, -5/113 HPs)
             Began as a Demonspawn Fighter on Jan 29, 2019.
             Was the Champion of Okawaru.
             Slain by a two-headed ogre
             ... wielding a +0 giant club
              (15 damage)
             ... on level 15 of the Dungeon.
             The game lasted 00:29:05 (19182 turns).

galech the Spear-Bearer (Demonspawn Fighter)       Turns: 19182, Time: 00:29:05

Health: -5/113     AC: 25    Str: 34    XL:     14   Next: 78%
Magic:  14/16      EV: 21    Int:  9    God:    Okawaru [******]
Gold:   1319       SH: 16    Dex: 19    Spells: 13/13 levels left

rFire    . . .     SeeInvis +   x - +8 spear "Widowmaker" {flame, Fragile Str+7 SInv}
rCold    + + .     Gourm    .   c - +0 shield
rNeg     + . .     Faith    .   z - +2 scale mail {rC+}
rPois    +         Spirit   .   J - +0 helmet of Tenacity {rPois rC+ Str+4 Slay+3}
rElec    .         Reflect  .   g - +0 cloak
rCorr    .         Harm     .   (no gloves)
MR       +....                  Q - -1 pair of boots of Qiphorie {rN+ Str+2 Dex+2}
Stlth    +++.......             S - amulet of regeneration
HPRegen  0.68/turn              s - +3 ring of strength
MPRegen  0.15/turn              j - ring of see invisible

@: heroism, sanguine armour
A: talons 2, powered by pain 1, sanguine armour 2
a: Heroism, Finesse, Renounce Religion


You were on level 15 of the Dungeon.
You worshipped Okawaru.
Okawaru was exalted by your worship.
You were hungry.

You visited 2 branches of the dungeon, and saw 17 of its levels.
You also visited: Ice Cave.

You collected 1919 gold pieces.
You spent 600 gold pieces at shops.

Inventory:

Hand Weapons
 a - a +0 war axe
 n - a +0 scimitar of flaming
 x - the +8 spear "Widowmaker" (weapon) {flame, Fragile Str+7 SInv}
   (You found it on level 4 of the Dungeon)

   It has been specially enchanted to burn those struck by it, causing extra
   injury to most foes and up to half again as much damage against particularly
   susceptible opponents.
   It affects your strength (+7).
   It lets you see invisible.
   It will be destroyed if unequipped.
 E - the +6 hand axe of Foolhardiness {chop, +Fly rN+ Str+3 Dex+2}
   (You found it on level 11 of the Dungeon)

   It inflicts extra damage upon your enemies.
   It affects your strength (+3).
   It affects your dexterity (+2).
   It protects you from negative energy.
   It lets you fly.
 N - the +9 staff of Wucad Mu {channel}
   (You found it in an ice cave)
Armour
 c - a +0 shield (worn)
 g - a +0 cloak (worn)
 p - the +0 hat "Jabbygippo" {rC- rCorr Str+5 Stlth+, unknown}
   (Okawaru gifted it to you in an ice cave)

   It affects your strength (+5).
   It makes you vulnerable to cold.
   It provides partial protection from all sources of acid and corrosion.
   It makes you more stealthy.
 z - a +2 scale mail of cold resistance (worn)
 J - the +0 helmet of Tenacity (worn) {rPois rC+ Str+4 Slay+3}
   (You found it on level 6 of the Dungeon)

   It affects your strength (+4).
   It affects your accuracy and damage with ranged weapons and melee attacks
   (+3).
   It protects you from cold.
   It protects you from poison.
 L - the +5 scale mail "Fobunur" {rElec rCorr Str-4 Dex+2}
   (You found it on level 8 of the Dungeon)

   It affects your strength (-4).
   It affects your dexterity (+2).
   It insulates you from electricity.
   It provides partial protection from all sources of acid and corrosion.
 Q - the -1 pair of boots of Qiphorie (worn) {rN+ Str+2 Dex+2}
   (Okawaru gifted it to you on level 13 of the Dungeon)

   It affects your strength (+2).
   It affects your dexterity (+2).
   It protects you from negative energy.
 Y - the +3 acid dragon scales of Impermeability {rPois rN+ MR- rCorr Stlth+}
   (Okawaru gifted it to you on level 12 of the Dungeon)

   It protects you from poison.
   It protects you from negative energy.
   It affects your resistance to hostile enchantments.
   It provides partial protection from all sources of acid and corrosion.
   It makes you more stealthy.
Jewellery
 j - a ring of see invisible (right hand)
 s - a +3 ring of strength (left hand)
 F - an uncursed ring of flight
 P - an uncursed ring of fire
 S - an amulet of regeneration (around neck)
 V - a cursed -3 ring of evasion {unknown}
 X - an uncursed ring of poison resistance
 Z - an uncursed ring of ice {unknown}
Wands
 o - a wand of disintegration (18)
 R - a wand of polymorph (14)
Scrolls
 i - 8 scrolls of remove curse
 m - 8 scrolls of teleportation
 q - 2 scrolls of fog
 r - 2 scrolls of fear
 t - 5 scrolls of blinking
 w - 6 scrolls of amnesia {unknown}
 y - 10 scrolls of identify
 B - 3 scrolls of enchant armour {unknown}
 G - 4 scrolls of enchant weapon {unknown}
 H - 4 scrolls of noise {unknown}
 I - 4 scrolls of vulnerability {unknown}
 U - 2 scrolls of silence {unknown}
Potions
 d - 7 potions of might
 e - a potion of brilliance {unknown}
 h - 7 potions of curing {unknown}
 k - 6 potions of flight {unknown}
 l - a potion of experience
 u - 2 potions of invisibility {unknown}
 v - a potion of mutation {unknown}
 A - 5 potions of heal wounds {unknown}
 C - 2 potions of berserk rage {unknown}
 D - 3 potions of haste
 K - a potion of cancellation {unknown}
 M - 3 potions of magic {unknown}
 O - 3 potions of agility
 T - a potion of degeneration {unknown}
 W - a potion of lignification {unknown}
Comestibles
 f - 32 rations


   Skills:
 + Level 11.2(16.2) Fighting
 + Level 6.0(15.6) Axes
 + Level 13.3(18.8) Polearms
 + Level 10.8(15.8) Armour
 + Level 7.3(12.3) Dodging
 + Level 4.0(9.0) Stealth
 + Level 10.4(15.4) Shields
 + Level 3.5 Invocations
 + Level 0.8 Evocations


You had 13 spell levels left.
You didn't know any spells.
Your spell library contained the following spells:

 Spells                   Type           Power        Failure   Level  Hunger
 Beastly Appendage        Tmut           #.....       54%         1    ##.....
 Corona                   Hex            #......      54%         1    ##.....
 Shock                    Conj/Air       #...         54%         1    ##.....
 Sting                    Conj/Pois      #...         54%         1    ##.....
 Summon Small Mammal      Summ           #...         54%         1    ##.....
 Call Imp                 Summ           #.......     67%         2    ###....
 Ensorcelled Hibernation  Hex/Ice        #.....       67%         2    ###....
 Poisonous Vapours        Pois/Air       #.....       67%         2    ###....
 Sticks to Snakes         Tmut           #.......     67%         2    ###....
 Swiftness                Chrm/Air       #.......     67%         2    ###....
 Call Canine Familiar     Summ           #.......     88%         3    ####...
 Confuse                  Hex            #.......     88%         3    ####...
 Dazzling Spray           Conj/Hex       #.....       88%         3    ####...
 Mephitic Cloud           Conj/Pois/Air  #.......     88%         3    ####...
 Spider Form              Tmut/Pois      #.........   88%         3    ####...
 Static Discharge         Conj/Air       #.......     88%         3    ####...
 Summon Guardian Golem    Hex/Summ       #.......     88%         3    ####...
 Tukima's Dance           Hex            #.......     88%         3    ####...
 Airstrike                Air            #.........   99%         4    #####..
 Ice Form                 Ice/Tmut       #.......     99%         4    #####..
 Olgreb's Toxic Radiance  Pois           #.......     99%         4    #####..
 Summon Ice Beast         Ice/Summ       #.......     99%         4    #####..
 Summon Lightning Spire   Summ/Air       #.......     99%         4    #####..
 Blade Hands              Tmut           #.........   100%        5    ######.
 Lightning Bolt           Conj/Air       #.........   100%        5    ######.
 Metabolic Englaciation   Hex/Ice        #.........   100%        5    ######.
 Venom Bolt               Conj/Pois      #.........   100%        5    ######.
 Bolt of Cold             Conj/Ice       #.........   100%        6    #######
 Freezing Cloud           Conj/Ice/Air   #.........   100%        6    #######
 Ozocubu's Refrigeration  Ice            #.........   100%        6    #######
 Simulacrum               Ice/Necr       #.........   100%        6    #######


Dungeon Overview and Level Annotations

Branches:
Dungeon (15/15)            Temple (0/1) D:5            Lair (0/6) D:8
    Orc (2/2) D:12            Elf (0/3) Orc:2        Vaults (0/5) D:13
 Depths (0/5) D:15

Altars:
Ashenzari
Dithmenos
Elyvilon
Fedhas
Hepliaklqana
Okawaru
Qazlal
Ru
Sif Muna
Xom
Beogh

Shops:
Orc:2 (!*=


Innate Abilities, Weirdness & Mutations

You have razor-sharp toenails.
You sometimes gain a little power by taking damage.
When seriously injured, your bleeding wounds create thick armour. (AC +9)


Message History

You block the two-headed ogre's attack.
The two-headed ogre completely misses you.
The cyclops throws a large rock.
The large rock completely misses you.
Things that are here:
a +0 robe; an ogre corpse You puncture the two-headed ogre!
You burn the two-headed ogre.
The two-headed ogre is heavily wounded.
The two-headed ogre completely misses you.
The two-headed ogre hits you but does no damage.
The two-headed ogre completely misses you.
The two-headed ogre closely misses you.
You hit the two-headed ogre. You burn the two-headed ogre.
The two-headed ogre is heavily wounded.
The cyclops throws a large rock.
The large rock completely misses you.
You hit the two-headed ogre. You burn the two-headed ogre.
The two-headed ogre is severely wounded.
The two-headed ogre completely misses you.
You block the two-headed ogre's attack.
The two-headed ogre hits you with a +0 giant club!
You die...

.....*#......###..#* *#...,,,,,,,
.##...............####..#******,,
**#.....#######........#* **,
#.....** ###..(..## **,, #.....,*
#....## **,,, #....,,* #....#
***,,,, **#....,,*
##....######,,,,,,
*,,,,,,,,#######W[)(........,,,**
,,,,,,,,,.......@OO....∩....,***
,,,,,,,,,...........#######.,*
**,,,,,*,......C....# *,,*
*,,,,,,**#.........##* *,,* *
,,,,,,,,*###........,******,,* **
,,,,,,,,,,...........,,,,,,,,***,
,,*,,,,,,.............,,,,,,,**,,
,****,,,,.......#....##*****,,,,*
,** **,,,,,,,,,**,,,*******,,,,,*


You could see 2 two-headed ogres, a cyclops and a hungry ghost.

Vanquished Creatures
  Saint Roka (Orc:1)
  Frances (D:12)
  Kirke (D:14)
  A frost giant (IceCv)
  A hydra (D:12)
  Erica (Orc:1)
  3 centaur warriors
  2 dancing weapons
  7 two-headed ogres
  The ghost of ohad the Grappler, a novice TrMo of Okawaru (D:8)
  An ogre mage (D:15)
  A vampire mage (D:15)
  A tengu warrior (D:12)
  2 death yaks (IceCv)
  The ghost of suvakkihuora the Cleaver, a novice FoFi of the Shining One (D:11)
  An orc high priest (Orc:2)
  6 skeletal warriors
  An unseen horror (D:11)
  A necromancer (D:15)
  4 orc knights
  7 ugly things
  3 orc sorcerers
  4 cyclopes
  A manticore (D:12)
  A frost giant zombie (D:15)
  2 ice statues
  Psyche (D:9)
  2 gargoyles
  A komodo dragon (D:12)
  A freezing wraith (D:14)
  3 kobold demonologists
  A guardian mummy (D:15)
  2 ice devils (D:15)
  2 tengu conjurers
  11 trolls
  15 polar bears (IceCv)
  A hornet (D:12)
  2 hippogriffs
  A fire dragon zombie (D:15)
  2 spriggan zombies (D:15)
  Sigmund (D:6)
  A vampire (D:12)
  34 yaks
  A wraith (D:13)
  4 wyverns
  3 hogs (D:14)
  2 hungry ghosts
  4 vampire mosquitoes (D:13)
  Edmund (D:5)
  A soldier ant (D:12)
  5 wargs (Orc:1)
  37 orc warriors
  A sky beast (D:4)
  A black bear (D:12)
  4 ice beasts
  3 phantoms
  14 ogres
  17 centaurs
  2 crocodiles
  20 wolves
  3 big kobolds
  8 bullfrogs
  A wyvern zombie (D:12)
  3 scorpions
  8 howler monkeys
  5 wights (D:9)
  4 electric eels (D:8)
  3 crimson imps
  2 quasits
  3 bullfrog zombies
  3 centaur zombies
  10 hounds
  6 jellies
  2 bullfrog skeletons
  14 orc priests
  3 centaur skeletons
  Jessica (D:2)
  An iguana (D:11)
  19 orc wizards
  11 worker ants
  A killer bee zombie (D:5)
  A hound zombie (D:6)
  A hound skeleton (D:9)
  A worker ant zombie (D:7)
  6 gnolls (D:2)
  13 adders
  A shadow imp (D:10)
  9 oozes
  An adder skeleton (D:7)
  An adder zombie (D:8)
  5 worms
  4 dart slugs
  3 leopard geckos (D:8)
  87 orcs
  5 giant cockroaches
  9 goblins
  8 hobgoblins
  15 jackals
  3 quokkas
  4 ball pythons
  10 bats
  4 frilled lizards
  25 kobolds
  3 quokka skeletons
  7 rats
  A withered plant (D:15)
595 creatures vanquished.

Vanquished Creatures (others)
  A human (D:14)
  2 kobolds (D:14)
  2 withered plants (D:15)
5 creatures vanquished.

Grand Total: 600 creatures vanquished

Notes
Turn   | Place    | Note
-------+----------+-------------------------------------------
     0 | D:1      | galech the Demonspawn Fighter began the quest for the Orb.
     0 | D:1      | Reached XP level 1. HP: 18/18 MP: 1/1
   207 | D:1      | Gained mutation: You have sharp toenails. [demonic
                  | ancestry]
   207 | D:1      | Reached XP level 2. HP: 12/24 MP: 2/2
  1246 | D:2      | Reached XP level 3. HP: 29/29 MP: 3/3
  1269 | D:2      | Gained mutation: When seriously injured, your bleeding
                  | wounds create armour. (AC +9) [demonic ancestry]
  1269 | D:2      | Reached XP level 4. HP: 8/35 MP: 4/4
  1683 | D:2      | Noticed Jessica
  1693 | D:2      | Killed Jessica
  1805 | D:2      | Reached XP level 5. HP: 34/41 MP: 5/5
  2387 | D:3      | Found a shimmering altar of Xom.
  2428 | D:3      | Reached XP level 6. HP: 47/47 MP: 6/6
  2528 | D:3      | Found a faded altar of an unknown god.
  2644 | D:3      | Found a blossoming altar of Fedhas.
  2807 | D:3      | Found a stormy altar of Qazlal.
  3047 | D:4      | Noticed a sky beast
  3053 | D:4      | Reached skill level 1 in Dodging
  3063 | D:4      | Killed a sky beast
  3063 | D:4      | Reached skill level 5 in Axes
  3410 | D:4      | Got a transparent spear
  3411 | D:4      | Identified the +8 spear "Widowmaker" {flame, Fragile Str+7
                  | SInv} (You found it on level 4 of the Dungeon)
  3630 | D:4      | Reached XP level 7. HP: 50/53 MP: 7/7
  4129 | D:5      | Entered Level 5 of the Dungeon
  4194 | D:5      | Found a hazy altar of Hepliaklqana.
  4267 | D:5      | Reached skill level 1 in Polearms
  4430 | D:5      | Found an iron altar of Okawaru.
  4500 | D:5      | Found a staircase to the Ecumenical Temple.
  4546 | D:5      | Became a worshipper of Warmaster Okawaru
  4759 | D:5      | Noticed Edmund
  4773 | D:5      | Killed Edmund
  4773 | D:5      | Reached skill level 2 in Polearms
  4773 | D:5      | Reached XP level 8. HP: 53/61 MP: 8/8
  5055 | D:6      | Got an encrusted helmet
  5061 | D:6      | Identified the cursed +0 helmet of Tenacity {rPois rC+
                  | Str+4 Slay+3} (You found it on level 6 of the Dungeon)
  5127 | D:6      | Noticed Sigmund
  5135 | D:6      | Killed Sigmund
  5135 | D:6      | Reached skill level 3 in Polearms
  5439 | D:7      | Got a pitted helmet
  5459 | D:7      | Identified the +1 helmet of the Solstice {-Cast rElec
                  | Str+2} (You found it on level 7 of the Dungeon)
  5505 | D:7      | Reached skill level 5 in Armour
  5507 | D:7      | Reached skill level 4 in Polearms
  5600 | D:7      | Reached * piety under Okawaru
  5618 | D:7      | Reached skill level 5 in Fighting
  5651 | D:7      | Reached skill level 5 in Polearms
  5651 | D:7      | Reached XP level 9. HP: 47/68 MP: 9/9
  5914 | D:7      | Noticed an ice statue
  6372 | D:7      | HP: 2/68 [ice statue/shard of ice (25)]
  6864 | D:7      | Killed an ice statue
  6864 | D:7      | Reached ** piety under Okawaru
  7248 | D:8      | Reached skill level 6 in Polearms
  7260 | D:8      | Reached skill level 5 in Shields
  7276 | D:8      | Found a staircase to the Lair.
  7321 | D:8      | Reached *** piety under Okawaru
  7484 | D:8      | Noticed a troll
  7488 | D:8      | Killed a troll
  7642 | D:8      | Gained mutation: When seriously injured, your bleeding
                  | wounds create thick armour. (AC +9) [demonic ancestry]
  7642 | D:8      | Reached XP level 10. HP: 71/76 MP: 10/10
  8146 | D:8      | Reached skill level 7 in Polearms
  8268 | D:8      | Found a runed translucent door.
  8273 | D:8      | Noticed ohad's ghost (novice TrMo)
  8283 | D:8      | Killed ohad's ghost
  8290 | D:8      | Got a dazzling scale mail
  8301 | D:8      | Identified the +5 scale mail "Fobunur" {rElec rCorr Str-4
                  | Dex+2} (You found it on level 8 of the Dungeon)
  8325 | D:8      | Found a shadowy altar of Dithmenos.
  8528 | D:9      | Found a stormy altar of Qazlal.
  8552 | D:9      | Noticed Psyche
  8559 | D:9      | Killed Psyche
  8559 | D:9      | Reached **** piety under Okawaru
  8593 | D:9      | Reached skill level 8 in Polearms
  8647 | D:9      | Noticed a two-headed ogre
  8654 | D:9      | Killed a two-headed ogre
  8654 | D:9      | Reached ***** piety under Okawaru
  8730 | D:9      | Noticed a two-headed ogre
  8738 | D:9      | Killed a two-headed ogre
  8738 | D:9      | Reached skill level 9 in Polearms
  8789 | D:9      | Gained mutation: You have razor-sharp toenails. [demonic
                  | ancestry]
  8789 | D:9      | Reached XP level 11. HP: 57/83 MP: 12/12
  8933 | D:9      | Noticed a two-headed ogre
  8939 | D:9      | Killed a two-headed ogre
  9069 | D:9      | Found a shimmering altar of Xom.
  9069 | D:9      | Found a shattered altar of Ashenzari.
  9071 | D:9      | Found a sacrificial altar of Ru.
  9107 | D:9      | Found a deep blue altar of Sif Muna.
  9336 | D:9      | Found a white marble altar of Elyvilon.
  9447 | D:10     | Entered Level 10 of the Dungeon
  9612 | D:10     | Received a gift from Okawaru
  9617 | D:10     | Got an encrusted ring mail {god gift}
  9628 | D:10     | Identified the +5 ring mail "Dum Peedwi" {Regen+ Int+2}
                  | (Okawaru gifted it to you on level 10 of the Dungeon)
  9886 | D:11     | Reached skill level 10 in Polearms
  9914 | D:11     | Found a transporter.
  9915 | D:11     | Noticed suvakkihuora's ghost (novice FoFi)
  9916 | D:11     | Identified the +1 dire flail of Exquisite Death {holy, MR+
                  | Dex+2}
  9916 | D:11     | Identified the +5 dire flail "Glorpo" {crush, rC+ Str+2}
  9916 | D:11     | Noticed a two-headed ogre
  9920 | D:11     | Found a transporter.
  9929 | D:11     | Killed a two-headed ogre
  9946 | D:11     | Killed suvakkihuora's ghost
 10205 | D:11     | Noticed an unseen horror
 10212 | D:11     | Killed an unseen horror
 10318 | D:11     | Reached ****** piety under Okawaru
 10341 | D:11     | Got an ancient hand axe
 10342 | D:11     | Identified the +6 hand axe of Foolhardiness {chop, +Fly rN+
                  | Str+3 Dex+2} (You found it on level 11 of the Dungeon)
 10946 | D:12     | Reached XP level 12. HP: 92/92 MP: 13/13
 11047 | D:12     | Reached skill level 11 in Polearms
 11070 | D:12     | Received a gift from Okawaru
 11073 | D:12     | Got shimmering acid dragon scales {god gift}
 11084 | D:12     | Identified the +3 acid dragon scales of Impermeability
                  | {rPois rN+ MR- rCorr Stlth+} (Okawaru gifted it to you on
                  | level 12 of the Dungeon)
 11101 | D:12     | Noticed Frances
 11125 | D:12     | Killed Frances
 11125 | D:12     | Reached skill level 1 in Stealth
 11448 | D:12     | Found a staircase to the Orcish Mines.
 11448 | D:12     | Noticed a five-headed hydra
 11456 | D:12     | Noticed a tengu warrior
 11463 | D:12     | Killed a five-headed hydra
 11472 | D:12     | Killed a tengu warrior
 11498 | D:12     | Found a roughly hewn altar of Beogh.
 11713 | Orc:1    | Entered Level 1 of the Orcish Mines
 11732 | Orc:1    | Noticed a two-headed ogre
 11741 | Orc:1    | Killed a two-headed ogre
 11803 | Orc:1    | Noticed Erica
 11810 | Orc:1    | Killed Erica
 11985 | Orc:1    | Reached skill level 12 in Polearms
 12391 | Orc:2    | Entered Level 2 of the Orcish Mines
 12422 | Orc:2    | Noticed Saint Roka
 13416 | Orc:1    | Received a gift from Okawaru
 13689 | Orc:1    | Reached skill level 5 in Dodging
 13689 | Orc:1    | Reached XP level 13. HP: 93/101 MP: 14/14
 13754 | Orc:1    | Killed Saint Roka
 14459 | Orc:2    | Received a gift from Okawaru
 14461 | Orc:2    | Got an ancient buckler {god gift}
 14482 | Orc:1    | Identified the +0 buckler of Guloinam {rElec Str+3 Slay-4}
                  | (Okawaru gifted it to you on level 2 of the Orcish Mines)
 14846 | Orc:1    | Reached skill level 10 in Armour
 15388 | Orc:2    | Found a staircase to the Elven Halls.
 15622 | Orc:2    | Found a deep blue altar of Sif Muna.
 15681 | Orc:2    | Found Eciplieh's Assorted Antiques.
 15681 | Orc:2    | Found Igrowink's Distillery.
 15683 | Orc:2    | Found Edebbikhuinn's Antique Weapon Emporium.
 15685 | Orc:2    | Found Arho's Jewellery Shop.
 15690 | Orc:2    | Bought a potion of experience for 600 gold pieces
 15790 | D:13     | Found a gate to the Vaults.
 15817 | D:13     | Reached skill level 10 in Fighting
 16707 | D:13     | Received a gift from Okawaru
 16710 | D:13     | Got a pair of ichor-stained boots {god gift}
 16716 | D:13     | Identified the -1 pair of boots of Qiphorie {rN+ Str+2
                  | Dex+2} (Okawaru gifted it to you on level 13 of the
                  | Dungeon)
 17181 | D:14     | Noticed Kirke
 17189 | D:14     | Gained mutation: You sometimes gain a little power by
                  | taking damage. [demonic ancestry]
 17189 | D:14     | Reached XP level 14. HP: 111/111 MP: 16/16
 17309 | D:14     | Killed Kirke
 18151 | D:15     | Entered Level 15 of the Dungeon
 18231 | D:15     | Found a frozen archway.
 18270 | IceCv    | Entered an ice cave
 18320 | IceCv    | Reached skill level 13 in Polearms
 18448 | IceCv    | Received a gift from Okawaru
 18451 | IceCv    | Got a bloodstained hat {god gift}
 18661 | IceCv    | Reached skill level 10 in Shields
 18721 | IceCv    | Noticed a frost giant
 18764 | IceCv    | Killed a frost giant
 18806 | IceCv    | Found the +9 staff of Wucad Mu {channel}
 19077 | D:15     | Found a staircase to the Depths.
 19182 | D:15     | Slain by a two-headed ogre

Vault maps used:
D:1:      dpeg_arrival_subterranean_lakeside_camping
D:2:      uniq_jessica
D:3:      grunt_temple_overflow_forces_of_nature,
          chequers_ecumenical_altar_simple_redux, first_ration,
          brannock_xom_greatest_gift
D:4:      serial_co_window_serial, co_window_paths_b, co_window_cross_1,
          co_window_corner_a, co_window_corner_a, co_window_paths_a,
          co_window_cross_1, co_window_paths_a, co_window_paths_a,
          co_window_of_opportunity_a, co_window_corner_b, co_window_corner_b,
          co_window_corner_cb, co_window_of_opportunity_b, co_window_corner_b,
          co_window_paths_c, co_window_corner_b, glass_columns_b,
          glass_columns_a
D:5:      overflow_temple_1_default, nicolae_overflow_crystal_walls,
          minmay_temple_entry_junction, uniq_edmund
D:6:      uniq_sigmund
D:7:      lemuel_ice_statue
D:8:      grunt_dithmenos_shadows, erik_lair_island,
          ebering_ghost_reflecting_pool, hangedman_little_slice_of_home
D:9:      marbit_many_paths, nicolae_overflow_hidden_temple, st_stairs_8,
          nicolae_two_hexagons, lemuel_tele_altar, uniq_psyche
D:11:     gammafunk_ghost_smash
D:12:     minmay_orc_entry_temple_small, uniq_frances
D:13:     erik_vaults_1
D:14:     minmay_misc_feat_encased, uniq_kirke
D:15:     gammafunk_depths_entry_grave, gauntlet_entry_generic,
          portal_ice_cave_demonic_guard
Orc:1:    uniq_erica
Orc:2:    st_orc_rangers, led_sif_book, uniq_saint_roka
IceCv:    ice_cave_caverns_01

Skill      XL: |  1  2  3  4  5  6  7  8  9 10 11 12 13 14 |
---------------+-------------------------------------------+-----
Axes           | 2 3 4 5 6 |  6.0
Armour         | 3 4 5 6 7 8 9 10 | 10.8
Shields        | 3 4 5 6 7 9 10 | 10.4
Dodging        | 1 2 3 4 5 6 7 |  7.3
Fighting       | 4 5 6 8 9 10 11 | 11.2
Polearms       | 2 5 6 9 10 12 13 | 13.3
Invocations    | 2 3 |  3.5
Stealth        | 2 3 4 |  4.0
Evocations     | |  0.8

Action                   |  1- 3 |  4- 6 |  7- 9 | 10-12 | 13-15 || total
-------------------------+-------+-------+-------+-------+-------++-------
Melee: War axe           |    77 |   180 |       |       |       ||   257
       Kick              |     8 |    49 |    92 |   230 |   125 ||   504
       Spear             |       |    13 |   293 |   652 |   856 ||  1814
Invok: Heroism           |       |       |       |     4 |     7 ||    11
 Abil: Evoke Flight      |       |       |     2 |       |       ||     2
  Use: Scroll            |       |       |     9 |     1 |     1 ||    11
 Stab: Distracted        |       |       |       |     1 |     2 ||     3
       Sleeping          |       |       |       |       |     2 ||     2
  Eat: Chunk             |       |     9 |    10 |    19 |    14 ||    52
       Ration            |       |       |     1 |       |     1 ||     2
Armor: Scale mail        |    35 |    93 |    70 |    84 |   172 ||   454
       Acid dragon scale |       |       |       |     1 |       ||     1
Dodge: Dodged            |    24 |    77 |    41 |   100 |   292 ||   534
Block: Shield            |    42 |    89 |    94 |   150 |   423 ||   798

Table legend:
 A = Non-vault XP
 B = Vault XP
 C = Vault XP percentage of total XP
 D = Non-vault monster count
 E = Vault monster count
 F = Vault count percentage of total count
                 A         B        C        D         E       F
            +---------+---------+-------+---------+---------+-------
      Total |   50824 |   43744 |  46.3 |     426 |     168 |  28.3
            +---------+---------+-------+---------+---------+-------
        D:1 |      25 |       8 |  24.2 |      15 |       6 |  28.6
        D:2 |     202 |      37 |  15.5 |      36 |       1 |   2.7
        D:3 |     157 |       0 |   0.0 |      31 |       0 |   0.0
        D:4 |     334 |       0 |   0.0 |      11 |       0 |   0.0
        D:5 |     552 |     173 |  23.9 |      14 |       1 |   6.7
        D:6 |     311 |     220 |  41.4 |      18 |       1 |   5.3
        D:7 |    1313 |     447 |  25.4 |      20 |       1 |   4.8
        D:8 |    1399 |    2022 |  59.1 |      36 |      18 |  33.3
        D:9 |    6061 |     558 |   8.4 |      32 |       4 |  11.1
       D:10 |    1031 |       0 |   0.0 |      25 |       0 |   0.0
       D:11 |    2533 |    1973 |  43.8 |      20 |       4 |  16.7
       D:12 |    9276 |    3260 |  26.0 |      44 |       8 |  15.4
       D:13 |    8853 |     904 |   9.3 |      30 |       1 |   3.2
       D:14 |    4181 |    2840 |  40.5 |      14 |       4 |  22.2
       D:15 |    5288 |    4482 |  45.9 |       9 |      10 |  52.6
      Orc:1 |    7741 |    9389 |  54.8 |      60 |      29 |  32.6
      Orc:2 |    1567 |    3932 |  71.5 |      11 |      29 |  72.5
      IceCv |       0 |   13499 | 100.0 |       0 |      51 | 100.0
            +---------+---------+-------+---------+---------+-------
